 Dungeon Crawl Stone Soup version 0.31-a0-108-gdf935468f2 (webtiles) character file.

Game seed: 6573574471451793603

1669 Drazool the Cleaver (level 9, -2/79 HPs)
             Began as a Naga Fighter on May 27, 2023.
             Was a Priest of Cheibriados.
             Slain by a steam dragon (6 damage)
             ... on level 7 of the Dungeon.
             The game lasted 00:20:35 (5661 turns).

Drazool the Cleaver (Naga Fighter)                  Turns: 5661, Time: 00:20:35

Health: -2/79      AC: 10    Str: 37    XL:     9   Next: 1%
Magic:  10/13      EV:  9    Int: 23    God:    Cheibriados [***...]
Gold:   149        SH:  5    Dex: 18    Spells: 4/8 levels left

rFire   . . .        a - +0 war axe
rCold   + . .        c - +0 buckler
rNeg    . . .        w - +2 ring mail {rC+}
rPois   +            d - +0 helmet
rElec   .            k - +0 cloak
rCorr   .            (no gloves)
SInv    +            (no barding)
Will    +....        (no amulet)
Stlth   +            S - +6 ring of strength
HPRegen 0.33/turn    I - +6 ring of intelligence
MPRegen 0.13/turn

%: no passive effects
@: very slow
A: AC +3, large, see invisible, deformed body, poison resistance, slowness 2,
spit poison 1, naga tail 1
a: Spit Poison, Renounce Religion, Bend Time, Temporal Distortion


You were on level 7 of the Dungeon.
You worshipped Cheibriados.
Cheibriados was most pleased with you.
You visited 1 branch of the dungeon, and saw 7 of its levels.
You also visited: Ossuary.

You collected 298 gold pieces.
You spent 149 gold pieces at shops.


Innate Abilities, Weirdness & Mutations

Your serpentine skin is tough. (AC +3)
You have supernaturally acute eyesight. (SInv)
Armour fits poorly on your strangely shaped body.
Your system is resistant to poisons. (rPois)
You cover ground very slowly.
You can spit poison.
You have a snake-like lower body.


   Skills:
 + Level 4.4 Fighting
 - Level 8.0 Axes
 - Level 4.0 Armour
 + Level 1.2 Dodging
 - Level 2.6 Shields
 + Level 6.3 Invocations


You had 4 spell levels left.
You knew the following spells:

 Your Spells              Type           Power      Damage    Failure   Level
o - Olgreb's Toxic Radia  Pois           0%         N/A       93%         4

Your spell library contained the following spells:

 Spells                   Type           Power      Damage    Failure   Level
 Sting                    Tmut/Pois      0%         1d3       24%         1
 Poisonous Vapours        Pois/Air       0%         N/A       34%         2
 Static Discharge         Conj/Air       0%         2-2/arc   34%         2
 Airstrike                Air            0%         2d(0-16)  93%         4
 Animate Dead             Necr           0%         N/A       93%         4
 Summon Lightning Spire   Summ/Air       0%         N/A       93%         4
 Borgnjor's Vile Clutch   Necr/Erth      0%         N/A       100%        5
 Death Channel            Necr           0%         N/A       100%        6

Inventory:

Hand Weapons
 a - a +0 war axe (weapon)
 i - the +6 spear of Xuestok {elec, Dex+2}
   (You found it on level 3 of the Dungeon)

   Dex:       It affects your dexterity (+2).
 r - the +4 rapier "Qoma" {venom, Drain rElec rF++ SInv}
   (You found it on level 4 of the Dungeon)

   rF:        It greatly protects you from fire.
   rElec:     It insulates you from electricity.
   SInv:      It lets you see invisible.
   Drain:     It drains your maximum health when unequipped.
Missiles
 p - 17 poisoned darts
 v - 3 silver javelins
 x - a throwing net {=f}
Armour
 b - a +0 scale mail
 c - a +0 buckler (worn)
 d - a +0 helmet (worn)
 k - a +0 cloak (worn)
 t - a +0 chain mail
 w - a +2 ring mail of cold resistance (worn)
Jewellery
 I - a +6 ring of intelligence (right hand)
 S - a +6 ring of strength (left hand)
Scrolls
 g - 5 scrolls of magic mapping
 m - 2 scrolls of immolation
 n - 2 scrolls of blinking
 o - 3 scrolls of vulnerability
 y - a scroll of silence {!r}
 z - 2 scrolls of torment {unknown}
 A - a scroll of fog {unknown}
Potions
 e - 2 potions of berserk rage {unknown}
 f - 2 potions of heal wounds {@q2}
 h - 2 potions of curing {@q1}
 j - 2 potions of attraction {unknown}
 l - 5 potions of lignification
 s - a potion of enlightenment {unknown}
 u - a potion of degeneration {unknown}

Dungeon Overview and Level Annotations

Branches:
Dungeon (7/15)             Temple (0/1) D:5         Ossuary (visited)

Altars:
Cheibriados
Elyvilon
Okawaru
Zin

Shops:
D:3 (   D:6 ?

Annotations:
D:3 3 runed translucent doors, rinse's ghost, amateur DsMo
D:7 Pikel

▓▓▓▓▓▓▓▓▓▓▓▓▓▓▓▓
▓▓▓..............▓▓
▓.................▓▓
...###.............▓
▓..#⚑#..........§..▓
▓..#'#.........§§§.▓
▓..............§.§.▓
...............§@§.▓
.▓.▓▓.........5§D§▓▓
...▓▓▓▓▓......<.K5.▓
▓..▓▓▓▓▓...........▓
▓▓.................▓
▓▓▓▓▓..▓...........▓
▓▓▓..............▓.....▓
▓...............▓▓.....▓
▓[.....▓...(...▓▓ ......


You could see Pikel, a steam dragon (catching breath) and 2 lemures.


Message History

Your bullfrog dies!
Your bullfrog's corpse dissolves into shadows!
Your sky beast hits Pikel.
Your sky beast shocks Pikel.
Your orc priest is engulfed in a cloud of scalding steam.
Your orc priest dies!
Your orc priest's corpse dissolves into shadows!
Pikel hits your sky beast with a +0 whip of freezing!
Pikel freezes your sky beast.
Your sky beast flickers out of sight for a moment.
Your sky beast misses Pikel.
The steam dragon bites your orc. The steam dragon claws your orc.
Your orc dies!
Your orc's corpse dissolves into shadows!
The lemure misses your sky beast. Pikel barely misses your sky beast.
Your sky beast hits Pikel but does no damage.
The lemure misses your sky beast.
You slash the steam dragon!
The steam dragon is severely wounded.
Pikel hits your sky beast with a +0 whip of freezing!
Pikel freezes your sky beast.
Your sky beast dies!
Your sky beast's corpse dissolves into shadows!
The steam dragon breathes steam at you. The ball of steam hits you!
* * * LOW HITPOINT WARNING * * *
You hear a shout!
Unknown command.
The steam dragon attacks as you move away!
The steam dragon bites you.
You die...

Skill      XL: |  1  2  3  4  5  6  7  8 |
---------------+-------------------------+-----
Axes           | 3 4 5 6 8 |  8.0
Invocations    | 4 6 |  6.3
Armour         | 4 |  4.0
Fighting       | 4 |  4.4
Dodging        | 1 |  1.2
Shields        | |  2.6

Action                     |  1- 3 |  4- 6 |  7- 9 || total
---------------------------+-------+-------+-------++-------
  Melee: War axe           |    71 |   177 |   137 ||   385
  Throw: Javelin           |       |       |     5 ||     5
         Dart              |       |       |     1 ||     1
 Invoke: Temporal Distorti |       |       |     3 ||     3
         Bend Time         |       |       |     2 ||     2
Ability: Spit Poison       |    26 |    25 |    18 ||    69
    Use: Scroll            |     3 |     1 |     7 ||    11
         Potion            |       |     1 |     3 ||     4
 Armour: Scale mail        |    39 |    67 |    23 ||   129
         Ring mail         |       |       |    54 ||    54
  Dodge: Dodged            |    22 |    37 |    65 ||   124
  Block: Buckler           |    15 |    27 |    25 ||    67

Levels and vault maps discovered:
D:1:      minmay_arrival_four_houses, layout_loops_ring, hex_large
D:2:      layout_loops_ring
D:3:      layout_basic, cheibrodos_worm_habitat, okawaru_ov_weapons_minmay,
          gammafunk_ghost_split, serial_shops, nicolae_shop_rolling_square,
          corexii_corridor_pit, minmay_close_crescents, uniq_robin
D:4:      layout_basic, nicolae_ossuary_entry_giza, corexii_shack, minivault_19
D:5:      layout_loops_ring, mainiacjoe_overflow_paths, temple_doors_e,
          serial_park_tiny_1
D:6:      layout_loops_ring, serial_shops, nicolae_shop_rolled_up,
          serial_park_tiny_1
D:7:      layout_rooms, mainiacjoe_overflow_chevrons, kennysheep_mini_moat,
          serial_shops, nicolae_shop_statue_plus, hellmonk_no_cap, uniq_duvessa,
          uniq_pikel, uniq_menkaure

Notes
Turn   | Place    | Note
-------+----------+-------------------------------------------
     0 | D:1      | Drazool the Naga Fighter began the quest for the Orb.
     0 | D:1      | Reached XP level 1. HP: 21/21 MP: 1/1
   255 | D:1      | Reached XP level 2. HP: 28/28 MP: 2/2
   504 | D:1      | Reached skill level 3 in Axes
   940 | D:2      | Reached XP level 3. HP: 34/34 MP: 3/3
  1126 | D:2      | Reached skill level 4 in Axes
  1271 | D:2      | Reached XP level 4. HP: 42/42 MP: 4/4
  1566 | D:3      | Noticed rinse's ghost (amateur DsMo)
  1577 | D:3      | Found an iron altar of Okawaru.
  1587 | D:3      | Identified the +6 spear of Xuestok {elec, Dex+2}
  1740 | D:3      | Identified the +7 falchion "Fyde" {heavy, rPois}
  1794 | D:3      | Reached skill level 5 in Axes
  1794 | D:3      | Reached XP level 5. HP: 49/49 MP: 5/5
  1896 | D:3      | Found Jets's Weapon Shoppe.
  2067 | D:3      | Found a snail-covered altar of Cheibriados.
  2083 | D:3      | Became a worshipper of Cheibriados the Contemplative
  2133 | D:3      | Found a runed translucent gate.
  2134 | D:3      | Found a runed translucent gate.
  2139 | D:3      | Found a runed translucent gate.
  2146 | D:3      | Noticed Robin
  2152 | D:3      | Killed Robin
  2175 | D:3      | Reached * piety under Cheibriados
  2387 | D:4      | Found a sand-covered staircase.
  2394 | D:4      | Reached skill level 6 in Axes
  2397 | Ossuary  | Entered an ossuary
  2447 | Ossuary  | Reached XP level 6. HP: 56/56 MP: 6/6
  2565 | Ossuary  | Reached ** piety under Cheibriados
  2573 | Ossuary  | Reached skill level 1 in Invocations
  2588 | Ossuary  | Reached skill level 2 in Invocations
  2601 | Ossuary  | Reached skill level 3 in Invocations
  2769 | Ossuary  | Reached skill level 4 in Invocations
  2769 | Ossuary  | Reached XP level 7. HP: 34/62 MP: 8/10
  3016 | D:4      | Reached *** piety under Cheibriados
  3205 | D:4      | Identified the +4 rapier "Qoma" {venom, Drain rElec rF++
                  | SInv}
  3639 | D:5      | Entered Level 5 of the Dungeon
  3811 | D:5      | Reached skill level 5 in Invocations
  3863 | D:5      | Found a staircase to the Ecumenical Temple.
  4078 | D:5      | Reached skill level 6 in Invocations
  4122 | D:5      | Found a glowing silver altar of Zin.
  4610 | D:6      | Reached XP level 8. HP: 69/69 MP: 12/12
  4657 | D:6      | Learned a level 4 spell: Olgreb's Toxic Radiance
  4866 | D:6      | Reached skill level 3 in Armour
  4988 | D:6      | Reached skill level 4 in Fighting
  5078 | D:6      | Reached skill level 7 in Axes
  5238 | D:6      | Reached **** piety under Cheibriados
  5414 | D:6      | Found Tequdiaff's Magic Scroll Shop.
  5417 | D:6      | Bought a scroll of silence for 123 gold pieces
  5417 | D:6      | Bought a scroll of identify for 26 gold pieces
  5495 | D:7      | Reached skill level 4 in Armour
  5515 | D:7      | Found a white marble altar of Elyvilon.
  5537 | D:7      | Noticed Menkaure
  5541 | D:7      | Killed Menkaure
  5588 | D:7      | Reached skill level 8 in Axes
  5597 | D:7      | Reached skill level 1 in Dodging
  5597 | D:7      | Reached XP level 9. HP: 67/79 MP: 10/13
  5635 | D:7      | Noticed Pikel
  5654 | D:7      | HP: 2/79 [steam dragon] (27)]
  5660 | D:7      | HP: 4/79 [steam dragon/ball of steam (11)]
  5661 | D:7      | Slain by a steam dragon

Vanquished Creatures
  Menkaure (D:7)
  2 ice beasts
  2 centaurs
  2 ogres
  A lemure (D:7)
  2 elf zombies (Ossuary)
  A bullfrog (D:5)
  3 scorpions
  A hound (D:5)
  2 human zombies (Ossuary)
  A jelly (D:6)
  A gnoll bouda (D:6)
  An orc priest (D:3)
  4 iguanas
  A sleepcap (D:5)
  2 orc wizards
  3 mummies
  Robin (D:3)
  4 gnolls (D:6)
  4 adders
  A white imp (D:7)
  An ufetubus (D:4)
  2 adder zombies (Ossuary)
  4 worms
  2 dart slugs
  15 orcs
  8 ball pythons
  7 endoplasms
  3 giant cockroaches (D:3)
  20 goblins
  10 hobgoblins
  6 jackals
  5 kobolds
  2 quokkas
  6 bats
  3 frilled lizards
  A goblin zombie (Ossuary)
  7 hobgoblin zombies (Ossuary)
  2 jackal zombies (Ossuary)
  11 kobold zombies (Ossuary)
  11 orc zombies
  2 rats
  A rat zombie (Ossuary)
169 creatures vanquished.

Table legend: (Time is in decaauts)
 A = Elapsed time spent in this place.
 B = Non-inter-level travel time spent in this place.
 C = Inter-level travel time spent in this place.
 D = Time resting spent in this place.
 E = Time spent auto-exploring this place.
 F = Levels seen in this place.
 G = Mean time per level.
                   A        B        C        D        E       F      G
               +--------+--------+--------+--------+--------+-----+--------+
         Total |   9211 |   8771 |    440 |    231 |   6886 |   8 | 1151.4 |
       Dungeon |   8553 |   8113 |    440 |    231 |   6522 |   7 | 1221.9 |
       Ossuary |    658 |    658 |      0 |      0 |    363 |   1 |  658.0 |
               +--------+--------+--------+--------+--------+-----+--------+

Top non-repeatable levels by time:
     D:5: 1805 daAuts
     D:6: 1663 daAuts
     D:4: 1608 daAuts
     D:3: 1141 daAuts
     D:1: 1134 daAuts
     D:2: 938 daAuts
 Ossuary: 658 daAuts
     D:7: 262 daAuts

Table legend:
 A = Non-vault XP
 B = Vault XP
 C = Vault XP percentage of total XP
 D = Non-vault monster count
 E = Vault monster count
 F = Vault count percentage of total count
                 A         B        C        D         E       F
            +---------+---------+-------+---------+---------+-------
      Total |    1755 |     630 |  26.4 |     106 |      62 |  36.9
            +---------+---------+-------+---------+---------+-------
        D:1 |      26 |       0 |   0.0 |      14 |       0 |   0.0
        D:2 |      61 |       0 |   0.0 |      25 |       0 |   0.0
        D:3 |      84 |      75 |  47.2 |      22 |      18 |  45.0
        D:4 |      82 |      22 |  21.2 |      14 |       4 |  22.2
        D:5 |     373 |       0 |   0.0 |       9 |       0 |   0.0
        D:6 |     673 |       0 |   0.0 |      16 |       0 |   0.0
        D:7 |     456 |     172 |  27.4 |       6 |       1 |  14.3
    Ossuary |       0 |     361 | 100.0 |       0 |      39 | 100.0
            +---------+---------+-------+---------+---------+-------
